AoeStats
← rafaelarpad

Arena

510508397Analyzed
4v4 RM · 10h ago on Oct 1, 2026· 73m 45s· 8 players
Game mode
Random Map
Map size
Large (8 player)
Population
200
Speed
Normal
Resources
Standard
Victory
Conquest
Starting age
Dark Age
Ending age
Imperial Age
RankedLock teamsTeams togetherTeam positionsShared explorationLock speedFull tech treeHidden civsTurbo modeCheats
Victory
Defeat
🇨🇳 Persians · China
1097
+12
🇹🇼 Danes · Taiwan
1081
+13
🇨🇭 Khitans · Switzerland
1071
+13
🇨🇳 Franks · China
1062
+14
🇨🇳 Turks · China
1204
-20
🇨🇳 Burgundians · China
1143
-17
🇨🇳 Mongols · China
907
-9
🇨🇳 Danes · China
806
-6
不会玩的别玩
11:04 Feudal Age
15:26 Castle Age
13:28 Double-Bit Axe
16:32 Bow Saw
20:42 Loom
23:41 Wheelbarrow
23:45 Gold Mining
25:34 Gold Shaft Mining
29:20 Imperial Age
26:52 Stone Mining
26:51 Treadmill Crane
27:31 Ballistics
27:27 Forging
27:17 Scale Mail Armor
27:23 Scale Barding Armor
28:25 Hand Cart
30:11 Iron Casting
29:51 Chain Mail Armor
29:41 Scale Barding Armor
29:48 Masonry
30:04 Chivalry
30:25 Conscription
29:59 Cavalier
30:40 Husbandry
31:02 Town Watch
32:55 Hoardings
31:55 Paladin
32:38 Heavy Scorpion
34:39 Chemistry
36:19 Blast Furnace
35:49 Plate Mail Armor
rafaelarpad
4:01 Loom
4:28 Loom
12:22 Feudal Age
16:34 Castle Age
14:42 Double-Bit Axe
14:42 Domestication
17:08 Forging
17:24 Scale Barding Armor
18:09 Light Cavalry
20:44 Wheelbarrow
21:25 Pastoralism
21:30 Husbandry
23:48 Stone Mining
24:17 Bow Saw
25:36 Iron Casting
41:54 Chain Barding Armor
49:03 Hand Cart
59:34 Imperial Age
57:14 Town Watch
61:55 Plate Barding Armor
62:30 Heavy Camel Rider
63:13 Heavy Camel Rider
64:51 Capped Ram
65:46 Siege Ram
69:05 Ordo Cavalry
69:21 Conscription
71:44 Fletching
Byron0330
10:49 Feudal Age
15:20 Castle Age
13:22 Double-Bit Axe
13:20 Horse Collar
16:11 Bow Saw
16:46 Wheelbarrow
16:52 Wheelbarrow
16:26 Town Watch
18:07 Heavy Plow
18:21 Heavy Plow
23:16 Loom
25:01 Gold Mining
26:32 Hand Cart
26:38 Forging
27:28 Squires
28:37 Gold Shaft Mining
31:12 Imperial Age
28:43 Arson
28:22 Pikeman
29:03 Scale Mail Armor
30:11 Town Patrol
30:54 Iron Casting
30:35 Chain Mail Armor
32:21 Conscription
31:23 Hamask
31:27 Halberdier
31:32 Onager
33:45 Plate Mail Armor
34:15 Blast Furnace
34:59 Ballistics
34:32 Gambesons
34:12 Siege Onager
44:15 Northmen's Fury
47:52 Siege Engineers
51:39 Elite Varangian Guard
61:26 Stone Mining
66:12 Fletching
67:28 Chemistry
66:38 Masonry
69:57 Guard Tower
74:01 Bodkin Arrow
[AV]Mikami Yua
0:34 Loom
9:55 Feudal Age
15:12 Castle Age
14:00 Horse Collar
24:10 Double-Bit Axe
25:24 Bow Saw
27:00 Forging
27:25 Bloodlines
27:15 Husbandry
28:53 Iron Casting
28:30 Scale Barding Armor
29:16 Husbandry
31:35 Chain Barding Armor
31:25 Gold Mining
31:25 Stone Mining
35:50 Imperial Age
35:14 Wheelbarrow
34:24 Town Watch
35:18 Wheelbarrow
34:29 Town Watch
34:18 Crossbowman
蒙式战车
10:00 Feudal Age
15:25 Castle Age
15:06 Man-at-Arms
23:32 Long Swordsman
31:13 Padded Archer Armor
31:04 Fletching
32:23 Bodkin Arrow
32:44 Leather Archer Armor
39:28 Imperial Age
42:35 Bracer
42:05 Pikeman
42:41 Elite Mangudai
47:24 Scale Barding Armor
51:55 Light Cavalry
52:47 Bloodlines
52:38 Husbandry
54:11 Hussar
83716497273
9:49 Feudal Age
13:34 Castle Age
11:43 Double-Bit Axe
12:06 Horse Collar
14:41 Bow Saw
24:19 Wheelbarrow
23:50 Gold Mining
23:53 Loom
24:49 Heavy Plow
25:47 Hand Cart
28:58 Imperial Age
26:54 Scale Mail Armor
26:55 Town Watch
28:07 Chain Mail Armor
28:02 Forging
27:36 Hamask
29:54 Gold Shaft Mining
29:01 Capped Ram
30:14 Plate Mail Armor
30:19 Iron Casting
29:07 Elite Varangian Guard
29:32 Gambesons
29:47 Squires
29:32 Arson
29:56 Siege Engineers
29:12 Northmen's Fury
30:13 Conscription
29:52 Siege Ram
32:26 Masonry
33:19 Blast Furnace
star
3:51 Double-Bit Axe
6:40 Horse Collar
11:19 Feudal Age
15:22 Castle Age
13:58 Bow Saw
13:55 Heavy Plow
15:06 Wheelbarrow
17:28 Two-Man Saw
21:57 Loom
23:11 Hand Cart
23:52 Crop Rotation
23:41 Gold Mining
23:46 Stone Mining
24:43 Coinage
27:52 Imperial Age
29:26 Banking
29:11 Guard Tower
31:43 Scale Mail Armor
32:26 Forging
31:40 Pikeman
32:21 Squires
33:26 Burgundian Vineyards
33:42 Conscription
34:13 Halberdier
35:45 Chain Mail Armor
36:06 Iron Casting
36:11 Keep
36:37 Chemistry
35:19 Treadmill Crane
35:50 Masonry
35:42 Arson
靓仔
12:01 Feudal Age
16:27 Castle Age
21:20 Imperial Age
20:01 Gold Mining
20:17 Padded Archer Armor
21:46 Leather Archer Armor
23:33 Horse Collar
24:40 Loom
35:09 Ring Archer Armor
37:44 Town Watch
38:38 Gold Shaft Mining
37:55 Fletching
47:16 Wheelbarrow
50:06 Conscription
50:34 Artillery
56:54 Forging
56:40 Bodkin Arrow
56:50 Scale Barding Armor
57:10 Hand Cart
59:24 Heavy Plow
61:37 Fortified Wall
61:47 Ballistics
62:46 Hoardings
62:02 Elite Janissary
65:02 Double-Bit Axe
73:01 Town Patrol
Connection lost

Rejoining the realm…

Still unreachable

The connection could not be restored.

Session expired

The server has moved on; the page needs a fresh start.